 Dungeon Crawl Stone Soup version 0.31-a0-702-gf82c85558f (webtiles) character file.

Game seed: 13307226928859508196

10882 ytrimaz the Mimic (level 11, -4/65 (70) HPs)
             Began as a Demonspawn Shapeshifter on Sept 7, 2023.
             Was a High Priest of Okawaru.
             Shot with an arrow by a minotaur (6 damage)
             ... in a Gauntlet on Sept 8, 2023.
             The game lasted 00:16:59 (9525 turns).

ytrimaz the Mimic (Demonspawn Shapeshifter)         Turns: 9525, Time: 00:17:00

HP:   -4/65 (70)    AC: 16    Str: 14    XL:     11   Next: 42%
MP:   11/11         EV: 17    Int: 13    God:    Okawaru [*****.]
Gold: 557           SH:  4    Dex: 16    Spells: 10/10 levels left

rFire   . .          .
                       - Unarmed
rCold   . . .        (no shield)
rNeg    . . .        t - +5 scale mail of Neis {SInv}
rPois   .            (helmet currently unavailable)
rElec   .            (cloak currently unavailable)
rCorr   .            (gloves currently unavailable)
SInv    +            (boots currently unavailable)
Will    .....        b - amulet of Vitality {RegenMP++ Regen++}
Stlth   ++           u - +4 ring of protection
HPRegen 1.90/turn    w - +5 ring of evasion
MPRegen 1.04/turn

%: no teleportation
@: mighty, beast-form, heroic, drained
A: beast (slay +4), claws 2, large bone plates 1, magic regeneration
a: Begin Untransformation, Renounce Religion, Heroism, Finesse, Duel


You were in a Gauntlet.
You worshipped Okawaru.
Okawaru was extremely pleased with you.
You were a hulking beast.
You visited 2 branches of the dungeon, and saw 13 of its levels.
You also visited: Sewer and Gauntlet.

You collected 557 gold pieces.


Innate Abilities, Weirdness & Mutations

You are a hulking beast.
Your limbs bulge with bestial killing power. (Slay +4)
You have very sharp fingernails.
You are partially covered in large bone plates. (SH +4)
You regenerate magic rapidly.


   Skills:
 - Level 1.0(6.0) Fighting
 - Level 1.7(6.7) Dodging
 - Level 11.0(16.0) Unarmed Combat
 + Level 12.2 Shapeshifting


You had 10 spell levels left.
You didn't know any spells.
Your spell library contained the following spells:

 Spells                   Type           Power      Damage    Failure   Level
 Slow                     Hex            0%         N/A       75%         1
 Confusing Touch          Hex            0%         N/A       98%         3
 Sigil of Binding         Hex            0%         N/A       98%         3
 Vampiric Draining        Necr           0%         2d6       98%         3

Inventory:

Armour
 a - a +0 animal skin
 m - the +3 crystal plate armour of Cecluw {Str+2}
   (You found it in a Gauntlet)

   Str+2:     It affects your strength (+2).
 t - the +5 scale mail of Neis (worn) {SInv}
   (You found it on level 4 of the Dungeon)

   SInv:      It lets you see invisible.
Jewellery
 b - the amulet of Vitality (around neck) {RegenMP++ Regen++}
   (You found it in a sewer)

   [amulet of magic regeneration]

   RegenMP:   It increases your rate of magic regeneration.
   Regen++:   It increases your rate of health regeneration.
 u - a +4 ring of protection (left claw)
   (You took it off an orc on level 4 of the Dungeon)
 v - a ring of see invisible
   (You found it on level 4 of the Dungeon)
 w - a +5 ring of evasion (right claw)
   (You found it on level 4 of the Dungeon)
 y - a ring of magical power
   (You found it on level 5 of the Dungeon)
 D - a ring of willpower
   (You found it on level 7 of the Dungeon)
Talismans
 c - a beast talisman (active)
 d - a flux talisman
 f - a serpent talisman
   (You found it on level 4 of the Dungeon)
 B - a blade talisman
   (You found it on level 6 of the Dungeon)
Wands
 i - a wand of iceblast (12)
   (You found it on level 8 of the Dungeon)
 C - a wand of flame (23)
   (You took it off a kobold on level 6 of the Dungeon)
Scrolls
 e - 3 scrolls of amnesia
 h - 2 scrolls of vulnerability
 n - a scroll of poison
Potions
 g - 2 potions of invisibility {unknown}
 j - a potion of brilliance {unknown}
 k - 3 potions of heal wounds
 o - 3 potions of enlightenment
 p - a potion of might
 q - 2 potions of lignification
 r - a potion of attraction {unknown}
 s - 4 potions of degeneration {unknown}
 x - a potion of curing
 z - a potion of resistance {unknown}

Dungeon Overview and Level Annotations

Branches:
Dungeon (12/15) Zot: 26779  Temple (1/1) D:5 Zot: 5959   Sewer (visited)
Gauntlet (1/1) Zot: 5739
   Lair: D:8-11         Orc: D:9-12

Altars:
Ashenzari
Cheibriados
Dithmenos
Fedhas
Gozag
Hepliaklqana
Kikubaaqudgha
Makhleb
Nemelex Xobeh
Okawaru
Qazlal
Ru
Sif Muna
Trog
Uskayaw
Vehumet
Wu Jian
Xom
Yredelemnul

Shops:
D:7 :

Annotations:
D:4 3 runed translucent doors, Age's ghost, amateur MiFi
D:6 3 runed translucent doors, iamoutofideas's ghost, novice HOGl
D:9 1 transporter Gauntlet 7 transporters, exclusion: lightning spire

##≈###≈###.................###≈##
### ### ################### ###
#≈...............≈#
#≈≈..8©8©8©8©8©8..≈≈#
##≈...............≈##
#####.###.###.#####
###.###.###.### #.............#
#.###h###.###.# #.# .# ..H .
####' ## .. ##


You could see a minotaur.


Message History

Unknown command.
Blink to where?
Press: ? - help, Dir - move target
As you read the scroll of blinking, it crumbles to dust. 😨 HP[+3]
You regained 3 hp, and now have 21/65 hp.
Blink to where?
Press: ? - help, Dir - move target
As you read the scroll of blinking, it crumbles to dust.
Your claws slow down. 😨 HP[+2]
You regained 2 hp, and now have 23/65 hp.
You enter the transporter and appear at another place.
The shadow imp shouts, "Begone, thou unhinged swag-bellied nert!"
The spectral black mamba bites you but does no damage.
The spectral black mamba closely misses you.
The spectral black mamba bites you but does no damage. 😨 HP[+3]
You regained 3 hp, and now have 26/65 hp.
Unknown command.
You claw the spectral black mamba! The spectral black mamba misses you.
The spectral black mamba bites you!
* * * LOW HITPOINT WARNING * * *
😨 HP[-6]
You take 6 damage, and now have 20/65 hp.
You claw the spectral black mamba!
The spectral black mamba bites you but does no damage.
The spectral black mamba barely misses you. 😨 HP[+2]
You regained 2 hp, and now have 22/65 hp.
You scratch the spectral black mamba. The spectral black mamba bites you.
* * * LOW HITPOINT WARNING * * *
You feel drained.
* * * LOW HITPOINT WARNING * * *
The spectral black mamba bites you but does no damage. 😨 HP[-6]
You now have 63 max hp (-2).
You take 6 damage, and now have 16/63 hp.
You barely miss the spectral black mamba.
Your claw misses the spectral black mamba.
You feel yourself speed up.
The death scarab waves its antennae.
The spectral black mamba barely misses you.
The spectral black mamba bites you but does no damage. 😨 HP[+2]
You regained 2 hp, and now have 18/63 hp.
You scratch the spectral black mamba. You claw the spectral black mamba!
The spectral black mamba bites you but does no damage.
The spectral black mamba barely misses you. 😨 HP[+2]
You regained 2 hp, and now have 20/63 hp.
You claw the spectral black mamba!
You destroy the spectral black mamba!
Okawaru accepts your kill.
Unknown command. 😨 HP[+1]
You now have 65 max hp (+2). 😨 HP[+2]
You regained 2 hp, and now have 23/65 hp. 😨 HP[+2]
You regained 2 hp, and now have 25/65 hp.
You start resting.
The death scarab waves its antennae.
The shadow imp shouts, "Fly, thou canting tardy-gaited pignut!"
The death scarab waves its antennae. 😎 HP[+40]
Your hp is fully restored (65).
Unknown command.
There is a transporter here.
The death scarab waves its antennae.
There is a transporter here.
You enter the transporter and appear at another place.
Unknown command.
It was a potion of might.
You feel very mighty all of a sudden.
A minotaur comes into view.
It is wielding a +3 orcbow of flaming, wearing the ring "Raim" {+Blink Will+ Int+3} and quivering silver javelins.
The minotaur bellows!
The minotaur shoots an arrow.
The arrow hits you!! The arrow burns you. 😮 HP[-28]
You take 28 damage, and now have 37/65 hp.
MASSIVE DAMAGE!! (PAUSE) 😮 HP[+2]
You regained 2 hp, and now have 39/65 hp.
You gain the combat prowess of a mighty hero. 😮 HP[+2] MP[-1]
You regained 2 hp, and now have 41/65 hp.
You lost 1 mp, and now have 10/11 mp.
Unknown command.
The minotaur shoots an arrow.
The arrow hits you!!
* * * LOW HITPOINT WARNING * * *
The arrow burns you!
* * * LOW HITPOINT WARNING * * *
😱 HP[-40] MP[+1]
You take 40 damage, and now have 1/65 hp.
MASSIVE DAMAGE!! (PAUSE)
Your mp is fully restored (11).
You feel much better.
The minotaur shoots an arrow.
The arrow hits you!
* * * LOW HITPOINT WARNING * * *
The arrow burns you.
You die...

Skill      XL: |  1  2  3  4  5  6  7  8  9 10 11 |
---------------+----------------------------------+-----
Unarmed Combat | 3 4 5 6 8 9 11 | 11.0
Shapeshifting  | 3 4 5 6 7 9 11 12 | 12.2
Fighting       | |  1.0
Dodging        | |  1.7

Action                     |  1- 3 |  4- 6 |  7- 9 | 10-12 || total
---------------------------+-------+-------+-------+-------++-------
  Melee: Unarmed           |   176 |   303 |   397 |   204 ||  1080
         Punch             |     3 |     2 |    21 |    20 ||    46
 Invoke: Heroism           |       |       |       |     2 ||     2
         Finesse           |       |       |       |     1 ||     1
    Use: Potion            |     1 |     3 |       |     2 ||     6
         Scroll            |       |       |     9 |     5 ||    14
   Stab: Sleeping          |     3 |       |       |       ||     3
 Armour: Animal skin       |    92 |   110 |       |       ||   202
         Skin              |       |    29 |       |       ||    29
         Scale mail        |       |    38 |   193 |   142 ||   373
  Dodge: Dodged            |   135 |   178 |   217 |   161 ||   691
  Block: Other             |       |    17 |    61 |    37 ||   115

Levels and vault maps discovered:
D:1:      dpeg_arrival_renting, layout_basic, minmay_misc_feat_rugged
D:2:      minmay_door_path, layout_loops_ring,
          dreamdust_ecumenical_altar_drowned_temple, basic_altar
D:3:      layout_basic, amcnicky_altar_gilded, lemuel_coloured_pillars_altar,
          portal_sewer_entry_e
D:4:      layout_basic, ebering_ghost_gozag
D:5:      layout_loops_corners, mainiacjoe_overflow_brackets,
          minmay_temple_entry_antechambers, st_stairs_14, chequers_mini_garden,
          uniq_eustachio, uniq_sigmund
D:6:      minmay_flawed_box, layout_basic, vehumet_altar_wand_db,
          fedhas_altar_2, gammafunk_ghost_nasty_kobolds
D:7:      layout_basic, kennysheep_mini, serial_shops,
          nicolae_shop_pleasant_corner_grove, kennysheep_generic_room_11
D:8:      layout_basic, mainiacjoe_overflow_alcove_2
D:9:      gammafunk_jiyva_shrine, layout_rooms, uniq_maggie
D:10:     layout_long_grid, nicolae_overflow_crystal_walls
D:11:     layout_stronghold, david_lair_shrubbed, erik_orc_1,
          gauntlet_entry_generic
D:12:     layout_irregular_city, minmay_misc_feat_columns
Temple:   eino_narrow_crystal_temple
Gauntlet: gammafunk_gauntlet_77_escape_option [minmay_gauntlet_arena_77_box,
          minmay_gauntlet_arena_77_radiant_squares,
          minmay_gauntlet_arena_77_terracotta_army,
          minmay_gauntlet_arena_77_mirror, minmay_gauntlet_arena_77_p_blocks,
          gauntlet_exit_watery]

Notes
Turn   | Place    | Note
-------+----------+-------------------------------------------
     0 | D:1      | ytrimaz the Demonspawn Shapeshifter began the quest for the
                  | Orb.
     0 | D:1      | Reached XP level 1. HP: 15/15 MP: 1/1
     0 | D:1      | magus.rc [v1.9.6]
   158 | D:1      | Upgraded the game from 0.31-a0-700-gf13585253f to
                  | 0.31-a0-702-gf82c85558f
   158 | D:1      | magus.rc [v1.9.6]
   244 | D:1      | Reached skill level 3 in Unarmed Combat
   254 | D:1      | Gained mutation: You have sharp fingernails. [demonic
                  | ancestry]
   254 | D:1      | Reached XP level 2. HP: 18/21 MP: 2/2
   359 | D:1      | Reached skill level 3 in Shapeshifting
  1114 | D:2      | Reached XP level 3. HP: 20/26 MP: 3/3
  1178 | D:2      | Identified the +1 robe of Ru's Regard {Harm rElec Str+4
                  | Dex-5}
  1408 | D:2      | Found a faded altar of an unknown god.
  2131 | D:3      | Reached XP level 4. HP: 29/32 MP: 4/4
  2452 | D:3      | Found a glowing drain.
  2467 | Sewer    | Entered a sewer
  2576 | Sewer    | Reached skill level 4 in Unarmed Combat
  2687 | Sewer    | HP: 7/32 [quokka (5)]
  2972 | Sewer    | Reached XP level 5. HP: 37/37 MP: 5/5
  3026 | Sewer    | Reached skill level 4 in Shapeshifting
  3044 | Sewer    | HP: 9/37 [poisoned by an adder]
  3172 | Sewer    | Found the amulet of Vitality {RegenMP++ Regen++}
  3211 | Sewer    | Gained mutation: You are partially covered in large bone
                  | plates. (SH +4) [demonic ancestry]
  3211 | Sewer    | Reached XP level 6. HP: 21/43 MP: 6/6
  3592 | D:3      | Found a stormy altar of Qazlal.
  3743 | D:4      | Reached skill level 5 in Unarmed Combat
  3751 | D:4      | Identified the +5 scale mail of Neis {SInv}
  3760 | D:4      | HP: 9/43 [iguana (13)]
  3765 | D:4      | HP: 8/43 [poisoned by an orc wizard]
  3810 | D:4      | HP: 9/43 [orc/+0 flail (8)]
  3816 | D:4      | HP: 5/43 [orc/+0 flail (7)]
  3847 | D:4      | Found a runed translucent gate.
  3847 | D:4      | Found a runed translucent gate.
  3848 | D:4      | Found a runed translucent gate.
  3850 | D:4      | Found an opulent altar of Gozag.
  3851 | D:4      | Noticed Age's ghost (amateur MiFi)
  3947 | D:4      | Reached skill level 5 in Shapeshifting
  4156 | D:4      | Reached XP level 7. HP: 48/48 MP: 7/7
  4363 | D:5      | Entered Level 5 of the Dungeon
  4522 | D:5      | Reached skill level 6 in Unarmed Combat
  4628 | D:5      | Found an opulent altar of Gozag.
  4660 | D:5      | Reached skill level 6 in Shapeshifting
  4684 | D:5      | Noticed Sigmund
  4696 | D:5      | Killed Sigmund
  4697 | D:5      | Gained mutation: You have very sharp fingernails. [demonic
                  | ancestry]
  4697 | D:5      | Reached XP level 8. HP: 54/54 MP: 8/8
  4735 | D:5      | Identified the +3 leather armour of Complete Protection
                  | {Will+ Str+2 Int+4}
  4810 | D:5      | Found a staircase to the Ecumenical Temple.
  4837 | Temple   | Entered the Ecumenical Temple
  4862 | Temple   | Became a worshipper of Warmaster Okawaru
  4921 | D:5      | Reached skill level 7 in Unarmed Combat
  4951 | D:5      | Noticed Eustachio
  4969 | D:5      | Killed Eustachio
  5374 | D:6      | Found a blossoming altar of Fedhas.
  5396 | D:6      | You pick up a book of Debilitation and begin reading...
  5396 | D:6      | You add the spells Slow, Sigil of Binding, Vampiric
                  | Draining and Confusing Touch to your library.
  5455 | D:6      | Reached skill level 7 in Shapeshifting
  5485 | D:6      | Found a runed translucent gate.
  5486 | D:6      | Found a runed translucent gate.
  5486 | D:6      | Noticed iamoutofideas's ghost (novice HOGl)
  5487 | D:6      | Identified the amulet of Doubts {Regen+ Stlth+}
  5495 | D:6      | Reached * piety under Okawaru
  5613 | D:6      | Reached skill level 8 in Unarmed Combat
  5626 | D:6      | Gained mutation: You regenerate magic rapidly. [demonic
                  | ancestry]
  5626 | D:6      | Reached XP level 9. HP: 56/59 MP: 9/9
  5777 | D:6      | Found a radiant altar of Vehumet.
  5791 | D:6      | Reached ** piety under Okawaru
  6253 | D:6      | Found a runed translucent gate.
  6378 | D:7      | Reached skill level 8 in Shapeshifting
  6496 | D:7      | Identified the +4 war axe of Lief {protect, rC+ rN+ Dex-3}
  6535 | D:7      | Reached skill level 9 in Unarmed Combat
  6683 | D:7      | Reached *** piety under Okawaru
  6765 | D:7      | Found Qoats's Book Shoppe.
  7629 | D:8      | Found a burning altar of Makhleb.
  7816 | D:9      | Reached skill level 9 in Shapeshifting
  7868 | D:9      | Reached XP level 10. HP: 65/65 MP: 10/10
  7874 | D:9      | Identified the +0 battleaxe of Poutow {heavy, rElec rF+
                  | rN+}
  7904 | D:9      | Noticed a two-headed ogre
  7909 | D:9      | Killed a two-headed ogre
  7910 | D:9      | Reached skill level 10 in Unarmed Combat
  7954 | D:9      | Noticed a two-headed ogre
  7963 | D:9      | HP: 4/65 [two-headed ogre/+0 giant spiked club (22)]
  7964 | D:9      | Killed a two-headed ogre
  7964 | D:9      | Reached **** piety under Okawaru
  8034 | D:9      | Noticed Maggie
  8046 | D:9      | Killed Maggie
  8198 | D:9      | Found a transporter.
  8312 | D:10     | Entered Level 10 of the Dungeon
  8398 | D:10     | Reached skill level 10 in Shapeshifting
  8529 | D:10     | Noticed a two-headed ogre
  8531 | D:10     | Noticed a two-headed ogre
  8555 | D:10     | Killed a two-headed ogre
  8556 | D:10     | Reached skill level 11 in Unarmed Combat
  8561 | D:10     | Killed a two-headed ogre
  8642 | D:10     | Reached ***** piety under Okawaru
  8647 | D:10     | Reached skill level 11 in Shapeshifting
  8647 | D:10     | Reached XP level 11. HP: 70/70 MP: 11/11
  8658 | D:10     | Found a snail-covered altar of Cheibriados.
  8959 | D:11     | Noticed a centaur warrior
  8971 | D:11     | Killed a centaur warrior
  9040 | D:11     | You fall into a shaft and drop 1 floor!
  9248 | D:11     | Found a gate leading to a gauntlet.
  9257 | Gauntlet | Entered a Gauntlet
  9257 | Gauntlet | Found a transporter.
  9259 | Gauntlet | Noticed a wizard
  9263 | Gauntlet | Found a transporter.
  9264 | Gauntlet | Found a transporter.
  9266 | Gauntlet | Noticed a sixfirhy
  9269 | Gauntlet | Found a transporter.
  9273 | Gauntlet | Found a transporter.
  9277 | Gauntlet | Found a transporter.
  9281 | Gauntlet | Noticed a death scarab
  9282 | Gauntlet | Found a transporter.
  9285 | Gauntlet | Noticed a death scarab
  9286 | Gauntlet | Found a transporter.
  9290 | Gauntlet | Found a transporter.
  9294 | Gauntlet | Noticed a reaper
  9295 | Gauntlet | Found a transporter.
  9298 | Gauntlet | Found a transporter.
  9302 | Gauntlet | Found a transporter.
  9307 | Gauntlet | Found a transporter.
  9310 | Gauntlet | Found a transporter.
  9402 | Gauntlet | Killed a wizard
  9418 | Gauntlet | Identified the +3 crystal plate armour of Cecluw {Str+2}
  9446 | Gauntlet | Killed a sixfirhy
  9447 | Gauntlet | Reached skill level 12 in Shapeshifting
  9455 | Gauntlet | Identified the -2 helmet "Tovodaje" {Int+2}
  9521 | Gauntlet | Identified the ring "Raim" {+Blink Will+ Int+3}
  9521 | Gauntlet | Noticed a minotaur
  9524 | Gauntlet | HP: 10/65 [minotaur/arrow (32)]
  9524 | Gauntlet | HP: 1/65 [minotaur/arrow (9)]
  9525 | Gauntlet | Shot with an arrow by a minotaur

Vanquished Creatures
  A centaur warrior (D:11)
  4 two-headed ogres
  A sixfirhy (Gauntlet)
  A wizard (Gauntlet)
  A gargoyle (D:12)
  Maggie (D:9)
  2 trolls (D:12)
  A spectral black mamba (Gauntlet)
  Sigmund (D:5)
  A vampire (D:11)
  3 yaks (D:10)
  A wraith (D:11)
  2 wyverns
  Eustachio (D:5)
  A steam dragon (D:9)
  3 vampire mosquitoes (D:10)
  An acid dragon (D:10)
  A water moccasin (D:7)
  A sky beast (D:8)
  5 orc warriors
  A black bear (D:5)
  A phantom (D:5)
  3 kobold brigands
  6 bullfrogs
  4 scorpions
  7 wights
  8 howler monkeys
  2 jellies
  4 hounds
  5 orc priests
  2 gnoll boudas (D:9)
  2 sleepcaps
  7 iguanas
  22 orc wizards
  5 adders
  8 gnolls
  2 river rats (D:3)
  2 shadow imps
  5 white imps
  5 ufetubi
  3 worms
  5 dart slugs
  33 orcs
  16 endoplasms
  16 giant cockroaches
  5 goblins
  7 hobgoblins
  2 jackals (D:3)
  24 kobolds
  7 quokkas (Sewer)
  18 ball pythons
  9 bats
  11 frilled lizards (Sewer)
  11 rats
  A spectral kobold (D:2)
302 creatures vanquished.

Table legend:
 A = Non-vault XP
 B = Vault XP
 C = Vault XP percentage of total XP
 D = Non-vault monster count
 E = Vault monster count
 F = Vault count percentage of total count
                 A         B        C        D         E       F
            +---------+---------+-------+---------+---------+-------
      Total |   12137 |    3410 |  21.9 |     220 |      82 |  27.2
            +---------+---------+-------+---------+---------+-------
        D:1 |      35 |       0 |   0.0 |      20 |       0 |   0.0
        D:2 |      32 |       3 |   8.6 |      17 |       2 |  10.5
        D:3 |      55 |      35 |  38.9 |      24 |       8 |  25.0
        D:4 |     433 |       0 |   0.0 |      29 |       0 |   0.0
        D:5 |     787 |     444 |  36.1 |      26 |       4 |  13.3
        D:6 |     720 |     350 |  32.7 |      17 |      11 |  39.3
        D:7 |     895 |     263 |  22.7 |      19 |       2 |   9.5
        D:8 |     777 |       0 |   0.0 |      20 |       0 |   0.0
        D:9 |    2503 |     385 |  13.3 |      19 |       1 |   5.0
       D:10 |    3531 |       0 |   0.0 |      21 |       0 |   0.0
       D:11 |    1349 |       0 |   0.0 |       5 |       0 |   0.0
       D:12 |    1020 |       0 |   0.0 |       3 |       0 |   0.0
      Sewer |       0 |     269 | 100.0 |       0 |      45 | 100.0
   Gauntlet |       0 |    1661 | 100.0 |       0 |       9 | 100.0
            +---------+---------+-------+---------+---------+-------

Skill      XL: |  1  2  3  4  5  6  7  8  9 10 11 |
---------------+----------------------------------+-----
Unarmed Combat | 3 4 5 6 8 9 11 | 11.0
Shapeshifting  | 3 4 5 6 7 9 11 12 | 12.2
Fighting       | |  1.0
Dodging        | |  1.7

Action                     |  1- 3 |  4- 6 |  7- 9 | 10-12 || total
---------------------------+-------+-------+-------+-------++-------
  Melee: Unarmed           |   176 |   303 |   397 |   204 ||  1080
         Punch             |     3 |     2 |    21 |    20 ||    46
 Invoke: Heroism           |       |       |       |     2 ||     2
         Finesse           |       |       |       |     1 ||     1
    Use: Potion            |     1 |     3 |       |     2 ||     6
         Scroll            |       |       |     9 |     5 ||    14
   Stab: Sleeping          |     3 |       |       |       ||     3
 Armour: Animal skin       |    92 |   110 |       |       ||   202
         Skin              |       |    29 |       |       ||    29
         Scale mail        |       |    38 |   193 |   142 ||   373
  Dodge: Dodged            |   135 |   178 |   217 |   161 ||   691
  Block: Other             |       |    17 |    61 |    37 ||   115

Illustrated notes

Table legend:
 A = Kills in this place as a percentage of kills in the entire game.
 B = Kills by you in this place as a percentage of kills by you in the entire game.
 C = Kills by friends in this place as a percentage of kills by friends in the entire game.
 D = Other kills in this place as a percentage of other kills in the entire game.
 E = Experience gained in this place as a percentage of experience gained in the entire game.
 F = Experience gained in this place divided by the number of levels of this place that you have seen.
                   A       B       C       D       E      F
               +-------+-------+-------+-------+-------+----------------------
         Total | 100.0 | 100.0 |   N/A |   N/A | 100.0 | 1036.5
       Dungeon |  82.1 |  82.1 |   N/A |   N/A |  87.6 | 1134.8
         Sewer |  14.9 |  14.9 |   N/A |   N/A |   1.7 | 269.0
      Gauntlet |   3.0 |   3.0 |   N/A |   N/A |  10.7 | 1661.0
               +-------+-------+-------+-------+-------+----------------------

Table legend: (Time is in decaauts)
 A = Elapsed time spent in this place.
 B = Non-inter-level travel time spent in this place.
 C = Inter-level travel time spent in this place.
 D = Time resting spent in this place.
 E = Time spent auto-exploring this place.
 F = Levels seen in this place.
 G = Mean time per level.
                   A        B        C        D        E       F      G
               +--------+--------+--------+--------+--------+-----+--------+
         Total |   9484 |   9268 |    216 |    189 |   6583 |  15 |  632.3 |
       Dungeon |   8237 |   8035 |    202 |     57 |   5930 |  12 |  686.4 |
        Temple |     40 |     26 |     14 |      0 |      0 |   1 |   40.0 |
         Sewer |    947 |    947 |      0 |    111 |    524 |   1 |  947.0 |
      Gauntlet |    259 |    259 |      0 |     21 |    128 |   1 |  259.0 |
               +--------+--------+--------+--------+--------+-----+--------+

Top non-repeatable levels by time:
     D:1: 1023 daAuts
     D:6: 971 daAuts
     D:5: 952 daAuts
   Sewer: 947 daAuts
     D:3: 918 daAuts
     D:2: 885 daAuts
     D:8: 717 daAuts
     D:7: 691 daAuts
     D:4: 633 daAuts
    D:10: 551 daAuts
     D:9: 512 daAuts
    D:11: 281 daAuts
Gauntlet: 259 daAuts
    D:12: 98 daAuts
  Temple: 40 daAuts
